 Dungeon Crawl Stone Soup version 0.30-a0-591-g3c58d2bc28 (webtiles) character file.

Game seed: 15428467012264690671

52 wormed the Insei (level 3, -3/23 HPs)
             Began as an Octopode Transmuter on Jan 4, 2023.
             Slain by a goblin
             ... wielding a +0 club
             ... led by Robin
              (5 damage)
             ... on level 2 of the Dungeon.
             The game lasted 00:02:39 (1506 turns).

wormed the Insei (Octopode Transmuter)              Turns: 1506, Time: 00:02:39

Health: -3/23      AC:  1    Str:  9    XL:     3   Next: 85%
Magic:  4/7        EV: 13    Int: 23    God:
Gold:   137        SH:  0    Dex: 12    Spells: 4/7 levels left

rFire   . . .      SeeInvis .      - Unarmed
rCold   . . .      Faith    .    (no shield)
rNeg    . . .      Spirit   .    (helmet currently unavailable)
rPois   .          Reflect  .    (no amulet)
rElec   .          Harm     .    g - +6 ring of intelligence
rCorr   .          Rampage  .    (no ring)
Will    .....                    (no ring)
Stlth   ++                       (no ring)
HPRegen 0.23/turn                (no ring)
MPRegen 0.10/turn                (no ring)
                                 (no ring)
                                 (no ring)

@: appendages, wereblooded
A: tentacle spike 3, almost no armour, amphibious, 8 rings, camouflage 1,
gelatinous body 1, (nimble swimmer 1), tentacles
a: End Transformation


You were on level 2 of the Dungeon.
One of your tentacles had grown a beastly spike.
You visited 1 branch of the dungeon, and saw 2 of its levels.

You collected 137 gold pieces.

Inventory:

Jewellery
 g - a +6 ring of intelligence (left tentacle)
 i - a ring of ice
Scrolls
 b - a scroll of immolation {unknown}
 d - a scroll of fear
 j - a scroll of magic mapping {unknown}
Potions
 a - 2 potions of lignification
 c - a potion of flight
 e - a potion of ambrosia
 f - 2 potions of curing {unknown}
 h - a potion of mutation {unknown}


   Skills:
 - Level 1.0 Fighting
 - Level 2.0 Dodging
 - Level 3.0 Unarmed Combat
 + Level 2.6 Spellcasting
 + Level 2.8 Transmutations
 + Level 1.7 Ice Magic


You had 4 spell levels left.
You knew the following spells:

 Your Spells              Type           Power      Damage    Failure   Level
a - Beastly Appendage     Tmut           32%        N/A       3%          1
b - Wereblood             Tmut           16%        N/A       5%          2

Your spell library contained the following spells:

 Spells                   Type           Power      Damage    Failure   Level
 Apportation              Tloc           6%         N/A       12%         1
 Necrotise                Necr           12%        1d4       12%         1
 Summon Small Mammal      Summ           12%        N/A       12%         1
 Spider Form              Tmut/Pois      9%         N/A       21%         3
 Ice Form                 Ice/Tmut       13%        N/A       43%         4


Dungeon Overview and Level Annotations

Branches:
Dungeon (2/15)

Altars:

Shops:
D:2 *

Annotations:
D:2 Robin


Innate Abilities, Weirdness & Mutations

One of your tentacles has grown a beastly spike.
You cannot wear most types of armour.
You are amphibious.
You can wear up to eight rings at the same time.
Your skin changes colour to match your surroundings (Stealth+).
Your rubbery body absorbs attacks. (AC +1, EV +1)
((You are camouflaged when in or above water. (Stealth+)))
You have tentacles for arms and can constrict up to eight enemies at once.


Message History

A goblin comes into view. It is wielding a +0 dagger.
You hear a shout! x2
There are monsters nearby!
There are monsters nearby!
There are monsters nearby!
There are monsters nearby!
Casting: Wereblood (safe; 5% risk of failure)
Confirm with . or Enter, or press ? or * to list all spells.
One of your tentacles grows a vicious spike.
Robin throws the goblin at you!
A goblin comes into view. It is wielding a +0 dagger.
A goblin comes into view. It is wielding a +0 club.
A hobgoblin comes into view.
A goblin comes into view. It is wielding a +0 club.
Casting: Beastly Appendage (safe; 3% risk of failure)
Confirm with . or Enter, or press ? or * to list all spells.
Your blood is infused with primal strength.
The goblin shouts! x2
A goblin comes into view. It is wielding a +0 club.
A hobgoblin comes into view.
The goblin hits you with a +0 club.
You closely miss the goblin.
The hobgoblin shouts!
You grab the goblin. You constrict the goblin. Robin throws the goblin at you!
A goblin comes into view. It is wielding a +0 club.
The goblin barely misses you. The goblin hits you with a +0 club!
You barely miss the goblin.
The goblin shouts!
You squeeze the goblin, but do no damage.
The goblin is moderately wounded.
You constrict the goblin. The goblin hits you with a +0 club.
* * * LOW HITPOINT WARNING * * *
A hobgoblin comes into view.
A goblin comes into view. It is wielding a +0 club.
The goblin barely misses you.
The goblin shouts!
You tentacle-slap the goblin. You grab the goblin.
The goblin is moderately wounded.
You constrict the goblin. x2; The goblin hits you with a +0 club.
You die...

######### #.......#
#.......# #######
#.......# #.....#
#.......#
#.....####.......#
#................#.
.
###........@g.g....
.
###.......g.....g..
.
#..............gg..
.
#...........#.##ggg
. #...........#.#
.g .
#...........#.# . >
#............ # .
#....)....... .
#.......... .


You could see Robin, 2 hobgoblins and 7 goblins.

Vanquished Creatures
  An adder (D:2)
  2 worms (D:2)
  A dart slug (D:1)
  5 bats
  4 endoplasms
  4 hobgoblins
  2 kobolds (D:1)
  2 quokkas
  6 ball pythons
  4 frilled lizards
  A goblin (D:2)
  A rat (D:2)
33 creatures vanquished.

Notes
Turn   | Place    | Note
-------+----------+-------------------------------------------
     0 | D:1      | wormed the Octopode Transmuter began the quest for the Orb.
     0 | D:1      | Reached XP level 1. HP: 13/13 MP: 3/3
   158 | D:1      | Reached XP level 2. HP: 16/18 MP: 3/5
   268 | D:1      | Reached skill level 1 in Ice Magic
   703 | D:1      | Reached XP level 3. HP: 23/23 MP: 4/6
  1078 | D:2      | Found Ceblat's General Store.
  1139 | D:2      | Learned a level 2 spell: Wereblood
  1501 | D:2      | Noticed Robin
  1506 | D:2      | Slain by a goblin

Illustrated notes

Levels and vault maps discovered:
D:1:      grunt_arrival_crossed_arrows, layout_loops_corners,
          reono_crystal_passage, minmay_misc_feat_five, roderic_st_hans_cross,
          minmay_cut_off
D:2:      layout_basic, serial_shops, shop, solitary_fountain, minmay_bisected,
          uniq_robin

Skill      XL: |  1  2 |
---------------+-------+-----
Ice Magic      | 1 |  1.7
Fighting       | |  1.0
Dodging        | |  2.0
Unarmed Combat | |  3.0
Spellcasting   | |  2.6
Transmutations | |  2.8

Action                   || total
-------------------------++-------
Melee: Unarmed           ||    62
       Tentacles         ||    15
       Constrict         ||    21
       Kick              ||    19
 Cast: Beastly Appendage ||    18
       Wereblood         ||     3
  Use: Scroll            ||     8
 Stab: Sleeping          ||     4
Armor: Skin              ||     4
Dodge: Dodged            ||    38

Table legend: (Time is in decaauts)
 A = Elapsed time spent in this place.
 B = Non-inter-level travel time spent in this place.
 C = Inter-level travel time spent in this place.
 D = Time resting spent in this place.
 E = Time spent auto-exploring this place.
 F = Levels seen in this place.
 G = Mean time per level.
                   A        B        C        D        E       F      G
               +--------+--------+--------+--------+--------+-----+--------+
         Total |   1502 |   1487 |     15 |      0 |   1229 |   2 |  751.0 |
       Dungeon |   1502 |   1487 |     15 |      0 |   1229 |   2 |  751.0 |
               +--------+--------+--------+--------+--------+-----+--------+

Top non-repeatable levels by time:
     D:1: 1025 daAuts
     D:2: 477 daAuts
